 Dungeon Crawl Stone Soup version 0.23-a0-296-ga3b1b28 (webtiles) character file.

1512 Ijustatesigmund the Cutter (level 8, -8/56 HPs)
             Began as an Octopode Conjurer on Oct 5, 2018.
             Was an Initiate of Cheibriados.
             Mangled by an orc warrior
             ... wielding a +0 halberd
              (15 damage)
             ... on level 6 of the Dungeon.
             The game lasted 00:14:16 (7249 turns).

Ijustatesigmund the Cutter (Octopode Conjurer)      Turns: 7249, Time: 00:14:17

Health: -8/56      AC:  3    Str:  8    XL:     8   Next: 83%
Magic:  4/11       EV: 14    Int: 17    God:    Cheibriados [......]
Gold:   277        SH:  0    Dex: 15    Spells: 5/11 levels left

rFire    . . .     SeeInvis .   c - +1 short sword (distort)
rCold    . . .     Gourm    .   (no shield)
rNeg     . . .     Faith    .   h - +2 hat
rPois    +         Spirit   .   (no amulet)
rElec    .         Reflect  .   i - -2 ring of intelligence (curse)
rCorr    .         Harm     .   m - ring of poison resistance
MR       .....                  (no ring)
Stlth    ++++......             (no ring)
HPRegen  0.18/turn              (no ring)
MPRegen  0.12/turn              (no ring)
                                (no ring)
                                (no ring)

@: very slow
A: almost no armour, stealthy swim, amphibious, 8 rings, constrict 8, camouflage
1, gelatinous body 1
a: Bend Time, Renounce Religion


You were on level 6 of the Dungeon.
You worshipped Cheibriados.
Cheibriados was noncommittal.
You were not hungry.

You visited 2 branches of the dungeon, and saw 7 of its levels.

You collected 277 gold pieces.

Inventory:

Hand Weapons
 c - a +1 short sword of distortion (weapon)
 s - a +0 whip of holy wrath
Missiles
 d - a throwing net (quivered)
Armour
 h - a +2 hat (worn)
Jewellery
 i - a cursed -2 ring of intelligence (left tentacle)
 m - a ring of poison resistance (right tentacle)
Wands
 j - a wand of polymorph (8)
 l - a wand of flame (10)
 q - a wand of enslavement (11)
Scrolls
 a - a scroll of blinking
 e - 4 scrolls of remove curse
 r - 2 scrolls of enchant armour
 u - a scroll of magic mapping {unknown}
Potions
 f - a potion of flight {unknown}
 g - a potion of resistance
 k - 2 potions of heal wounds {unknown}
 n - 2 potions of magic {unknown}
 o - 2 potions of invisibility {unknown}
 p - 2 potions of curing {unknown}
 t - a potion of degeneration {unknown}
Comestibles
 b - 8 rations


   Skills:
 - Level 5.5 Fighting
 - Level 5.7 Short Blades
 - Level 2.4 Dodging
 - Level 4.0 Stealth
 - Level 2.0 Spellcasting
 + Level 4.9 Conjurations
 + Level 1.6 Hexes
 + Level 4.0 Invocations
 - Level 3.3 Evocations


You had 5 spell levels left.
You knew the following spells:

 Your Spells              Type           Power        Failure   Level  Hunger
a - Magic Dart            Conj           ###.         2%          1    #......
b - Searing Ray           Conj           ###...       3%          2    ###....
c - Dazzling Spray        Conj/Hex       ##....       16%         3    ###....

Your spell library contained the following spells:

 Spells                   Type           Power        Failure   Level  Hunger
 Iskenderun's Mystic Bla  Conj           ###.....     26%         4    #####..
 Fulminant Prism          Conj/Hex       ##........   45%         4    #####..
 Force Lance              Conj/Tloc      ##......     56%         4    #####..


Dungeon Overview and Level Annotations

Branches:
Dungeon (6/15)             Temple (1/1) D:4

Altars:
Ashenzari
Cheibriados
Dithmenos
Fedhas
Kikubaaqudgha
Makhleb
Okawaru
Qazlal
Sif Muna
Trog
Uskayaw
Vehumet
Wu Jian
Yredelemnul
Zin

Annotations:
D:3 Ijyb
D:5 3 runed doors, HydraWiggins's ghost, novice OgAE


Innate Abilities, Weirdness & Mutations

You cannot wear most types of armour.
You are very stealthy in the water. (Stealth+)
You are amphibious.
You can wear up to eight rings at the same time.
You can use your tentacles to constrict eight enemies at once.
Your skin changes colour to match your surroundings (Stealth+).
Your rubbery body absorbs attacks. (AC +1, EV +1)


Message History

Casting: Searing Ray (safe; 3% risk of failure)
Confirm with . or Enter, or press ? or * to list all spells.
Aiming: Dazzling Spray (safe; 16% risk of failure)
Press: ? - help, Shift-Dir - straight line, f/p - orc warrior
Aim: an orc warrior, wielding a halberd, wearing a chain mail and carrying a The spray of energy hits the orc warrior.
The orc warrior is severely wounded.
The orc warrior is dazzled.
The orc warrior hits you from afar with a halberd.
The orc warrior zaps a wand.
You struggle to resist.
You closely miss the orc warrior. Your grab misses the orc warrior.
The orc warrior is severely wounded.
The orc warrior hits you with a halberd!!
* * * LOW HITPOINT WARNING * * *
You closely miss the orc warrior. You grab the orc warrior.
You squeeze the orc warrior.
The orc warrior is almost dead.
You constrict the orc warrior, but do no damage.
The orc warrior hits you with a halberd!
You die...

....# #.# ... #.# #.# ##.## #.#
# ... #.# ##.# ...# #.# #. #.#
#.# #..# ###### #.# o##.### #.#
#.## # #.. ..### .....# #.#
###.## # #.# #.#.. ....#.# #.#
#..... ###.## #...# #.#.#.#
#.###..... o....# #.#.# #o#.#.#
#......... ###..####.#.# #@#.#.#
#####..... ##........#.# #.#.#.#
#..... ##........#.####.#.#.#
###.## (.............)....#.#
#.#
..)..................#########.#
##)......##....................#
.........#######################
##)......# #########


You could see an orc warrior (blind).

Vanquished Creatures
  The ghost of DapperDogman the Shield-Bearer, a novice FoFi (D:4)
  A hippogriff (D:5)
  A vampire (D:4)
  A sky beast (D:6)
  An ogre (D:5)
  2 orc priests
  Crazy Yiuf (D:3)
  A hound (D:4)
  An orc wizard (D:4)
  2 iguanas
  Terence (D:3)
  3 worker ants
  5 adders
  12 gnolls
  A howler monkey skeleton (D:5)
  2 worms
  A dart slug (D:1)
  A leopard gecko (D:3)
  3 orcs (D:4)
  8 giant cockroaches
  5 hobgoblins
  7 jackals
  A quokka (D:5)
  2 ball pythons
  5 bats
  4 frilled lizards
  11 goblins
  3 kobolds
  2 leopard gecko skeletons
  A quokka zombie (D:5)
  12 rats
102 creatures vanquished.

Vanquished Creatures (collateral kills)
  An orc priest (D:6)
  A bullfrog skeleton (D:6)
2 creatures vanquished.

Vanquished Creatures (others)
  An ice beast (D:4)
  A bullfrog (D:6)
  A water moccasin zombie (D:5)
  An orc priest (D:6)
  2 orcs
  A jackal (D:3)
  A kobold (D:2)
8 creatures vanquished.

Grand Total: 112 creatures vanquished

Notes
Turn   | Place    | Note
-------+----------+-------------------------------------------
     0 | D:1      | Ijustatesigmund the Octopode Conjurer began the quest for
                  | the Orb.
     0 | D:1      | Reached XP level 1. HP: 11/11 MP: 3/3
   357 | D:1      | Reached XP level 2. HP: 17/17 MP: 0/5
  1245 | D:2      | Learned a level 2 spell: Searing Ray
  1333 | D:2      | Reached XP level 3. HP: 19/21 MP: 6/6
  1346 | D:2      | Learned a level 3 spell: Dazzling Spray
  1505 | D:2      | Found a faded altar of an unknown god.
  1962 | D:2      | Reached skill level 1 in Short Blades
  2385 | D:3      | Reached XP level 4. HP: 27/27 MP: 7/7
  2665 | D:3      | Noticed Terence
  2666 | D:3      | Noticed Ijyb
  2676 | D:3      | Reached skill level 1 in Fighting
  2705 | D:3      | Found a runed door.
  2798 | D:3      | Noticed Crazy Yiuf
  2802 | D:3      | Killed Crazy Yiuf
  2802 | D:3      | Reached XP level 5. HP: 33/33 MP: 8/8
  2875 | D:3      | Killed Terence
  3238 | D:4      | Reached XP level 6. HP: 16/41 MP: 5/9
  3742 | D:4      | Noticed an ice beast
  3752 | D:4      | Banished an ice beast
  4057 | D:4      | Noticed a vampire
  4065 | D:4      | Killed a vampire
  4065 | D:4      | Reached XP level 7. HP: 41/49 MP: 10/10
  4345 | D:4      | Found a runed door.
  4345 | D:4      | Noticed DapperDogman's ghost (novice FoFi)
  4363 | D:4      | Killed DapperDogman's ghost
  4363 | D:4      | Reached skill level 5 in Fighting
  4363 | D:4      | Reached skill level 5 in Short Blades
  4363 | D:4      | Reached XP level 8. HP: 40/56 MP: 11/11
  4694 | D:4      | Found a staircase to the Ecumenical Temple.
  4703 | Temple   | Entered the Ecumenical Temple
  4706 | Temple   | Became a worshipper of Cheibriados the Contemplative
  4802 | D:5      | Entered Level 5 of the Dungeon
  4836 | D:5      | Found a runed gate.
  4836 | D:5      | Found a runed gate.
  4837 | D:5      | Found a runed gate.
  4860 | D:5      | Noticed a hippogriff
  4895 | D:5      | Killed a hippogriff
  5504 | D:5      | Noticed HydraWiggins's ghost (novice OgAE)
  6252 | D:6      | Reached skill level 1 in Hexes
  7010 | D:6      | Found a blossoming altar of Fedhas.
  7249 | D:6      | Mangled by an orc warrior

Vault maps used:
D:1:      nzn_arrival_depleted_hourglass
D:2:      chequers_ecumenical_altar_island, kennysheep_generic_room_14
D:3:      first_ration, uniq_crazy_yiuf_cottage, uniq_ijyb, uniq_terence
D:4:      temple_hall, ebering_ghost_reflecting_pool, bh_walls_and_bars
D:5:      gammafunk_ghost_icy
D:6:      fedhas_altar_1, trog_wizard
Temple:   dpeg_three_leaves_temple

Skill      XL: |  1  2  3  4  5  6  7  8 |
---------------+-------------------------+-----
Stealth        | 3 4 |  4.0
Short Blades   | 1 2 3 4 5 |  5.7
Fighting       | 1 2 4 5 |  5.5
Invocations    | 4 |  4.0
Evocations     | 3 |  3.3
Hexes          | 1 |  1.6
Dodging        | |  2.4
Spellcasting   | |  2.0
Conjurations   | |  4.9

Action                   |  1- 3 |  4- 6 |  7- 9 || total
-------------------------+-------+-------+-------++-------
Melee: Unarmed           |     3 |       |       ||     3
       Constrict         |    14 |    18 |    14 ||    46
       Tentacles         |     9 |     6 |    16 ||    31
       Dagger            |     1 |       |       ||     1
       Short sword       |    49 |    60 |    93 ||   202
Throw: Throwing net      |       |       |     1 ||     1
 Cast: Magic Dart        |    39 |     1 |       ||    40
       Searing Ray       |     1 |     1 |     1 ||     3
       Dazzling Spray    |       |       |     2 ||     2
Evoke: Wand              |       |       |     7 ||     7
  Use: Scroll            |     3 |     3 |       ||     6
       Potion            |       |       |     2 ||     2
 Stab: Sleeping          |     8 |    10 |     4 ||    22
       Distracted        |       |       |     1 ||     1
  Eat: Chunk             |     5 |     4 |     9 ||    18
       Ration            |       |       |     1 ||     1
Armor: Skin              |     3 |     8 |     7 ||    18
Dodge: Dodged            |    25 |    39 |    65 ||   129

Table legend:
 A = Non-vault XP
 B = Vault XP
 C = Vault XP percentage of total XP
 D = Non-vault monster count
 E = Vault monster count
 F = Vault count percentage of total count
                 A         B        C        D         E       F
            +---------+---------+-------+---------+---------+-------
      Total |    1665 |     495 |  22.9 |     106 |       3 |   2.8
            +---------+---------+-------+---------+---------+-------
        D:1 |      31 |       0 |   0.0 |      20 |       0 |   0.0
        D:2 |      48 |       0 |   0.0 |      28 |       0 |   0.0
        D:3 |      44 |      74 |  62.7 |      15 |       2 |  11.8
        D:4 |     669 |     421 |  38.6 |      21 |       1 |   4.5
        D:5 |     601 |       0 |   0.0 |      16 |       0 |   0.0
        D:6 |     272 |       0 |   0.0 |       6 |       0 |   0.0
            +---------+---------+-------+---------+---------+-------
